 Dungeon Crawl Stone Soup version 0.26-a0-651-gb41185065b (webtiles) character file.

Game seed: 7696531015180251974

178 raph the Gusty (level 5, 0/28 HPs)
             Began as a Deep Elf Air Elementalist on Oct 27, 2020.
             Slain by an orc wizard
             ... wielding a +2 dagger of electrocution
              (3 damage)
             ... on level 3 of the Dungeon.
             The game lasted 00:11:19 (3778 turns).

raph the Gusty (Deep Elf Air Elementalist)          Turns: 3778, Time: 00:11:19

Health: 0/28       AC:  4    Str:  5    XL:     5   Next: 32%
Magic:  6/13       EV: 13    Int: 27    God:
Gold:   93         SH:  0    Dex: 21    Spells: 1/12 levels left

rFire    + . .     SeeInvis .   f - +0 dagger
rCold    + . .     Faith    .   (no shield)
rNeg     . . .     Spirit   .   h - +0 leather armour (curse)
rPois    +         Reflect  .   (no helmet)
rElec    +         Harm     .   (no cloak)
rCorr    +         Rampage  .   (no gloves)
MR       .....                  m - +0 pair of boots
Stlth    +.........             (no amulet)
HPRegen  0.09/turn              d - +6 ring of dexterity
MPRegen  0.13/turn              g - +6 ring of intelligence

@: confused, resistant
A: no striking features
a: no special abilities


You were on level 3 of the Dungeon.
You visited 1 branch of the dungeon, and saw 3 of its levels.

You collected 93 gold pieces.

Inventory:

Hand Weapons
 f - a +0 dagger (weapon)
Missiles
 n - 2 boomerangs (quivered)
Armour
 a - a +0 robe
 h - a cursed +0 leather armour (worn)
 m - a +0 pair of boots (worn)
Jewellery
 d - a +6 ring of dexterity (left hand)
 e - an uncursed amulet of guardian spirit
 g - a +6 ring of intelligence (right hand)
Scrolls
 b - 2 scrolls of identify
 k - 2 scrolls of remove curse
 l - a scroll of teleportation
Potions
 c - 2 potions of curing
 i - a potion of resistance
 j - a potion of brilliance


   Skills:
 - Level 3.1 Dodging
 + Level 3.5 Stealth
 + Level 4.0 Spellcasting
 * Level 3.2 Conjurations
 * Level 4.1 Air Magic


You had one spell level left.
You knew the following spells:

 Your Spells              Type           Power        Failure   Level
a - Shock                 Conj/Air       ####         3%          1
b - Magic Dart            Conj           ###.         3%          1
c - Static Discharge      Conj/Air       ####....     9%          3
d - Airstrike             Air            ####......   24%         4
e - Swiftness             Air            ####....     3%          2

Your spell library contained the following spells:

 Spells                   Type           Power        Failure   Level
 Mephitic Cloud           Conj/Pois/Air  ###.....     14%         3
 Blink                    Tloc           N/A          21%         2
 Call Imp                 Summ           #.......     21%         2
 Slow                     Hex            #.......     21%         2
 Conjure Flame            Conj/Fire      ##......     21%         3
 Lightning Bolt           Conj/Air       ####......   63%         5


Dungeon Overview and Level Annotations

Branches:
Dungeon (3/15)

Altars:


Message History

Casting: Shock (safe; 3% risk of failure)
Confirm with . or Enter, or press ? or * to list all spells.
Press: ? - help, Shift-Dir - straight line The zap misses the orc wizard.
The orc wizard gestures at you while chanting.
You are confused.
Unknown command.
You bump into the rock wall.
The orc wizard hits you with a +2 dagger of electrocution.
* * * LOW HITPOINT WARNING * * *
You bump into the rock wall.
The orc wizard gestures at you while chanting.
You are more confused.
You hit the orc wizard but do no damage.
The orc wizard is severely wounded.
The orc wizard closely misses you.
Unknown command.
You feel protected.
The orc wizard hits you with a +2 dagger of electrocution.
You die...

.######.....###..).....#....##
.>...........................#
#.....#.....o.#..............##
......#.......#.....#.........###
......#...o...#.....#............
......#.......#......####........
..######......##.....####........
..# #.<.......##..........#...)..
#.# #...########@o.......o#.....#
..# #...#.......###......o#.....#
..# #...........###.............#
..###...........(........o..o...#
..............##..........).....#
.........))...#
........รท....o...
............####..............##.
...................(.............
.#...........#######.[)..##.#....


You could see an orc wizard.

Vanquished Creatures
  An orc wizard (D:3)
  7 adders
  2 worms (D:2)
  4 dart slugs
  A leopard gecko (D:1)
  9 orcs
  A ball python (D:3)
  6 giant cockroaches
  8 goblins
  8 hobgoblins
  A bat (D:2)
  6 frilled lizards
  7 kobolds
  5 rats
66 creatures vanquished.

Notes
Turn   | Place    | Note
-------+----------+-------------------------------------------
     0 | D:1      | raph the Deep Elf Air Elementalist began the quest for the
                  | Orb.
     0 | D:1      | Reached XP level 1. HP: 10/10 MP: 6/6
   226 | D:1      | Reached XP level 2. HP: 15/15 MP: 6/8
   248 | D:1      | Learned a level 2 spell: Swiftness
   675 | D:1      | Reached XP level 3. HP: 19/19 MP: 7/9
   749 | D:1      | Learned a level 3 spell: Static Discharge
  1915 | D:2      | Reached XP level 4. HP: 19/24 MP: 3/11
  3252 | D:3      | Learned a level 4 spell: Airstrike
  3288 | D:3      | Reached XP level 5. HP: 28/28 MP: 9/12
  3427 | D:3      | Learned a level 1 spell: Magic Dart
  3778 | D:3      | Slain by an orc wizard

Illustrated notes

Levels and vault maps discovered:
D:1:      eino_arrival_druids_welcome, layout_loops_ring, minmay_split_cup_large
D:2:      layout_basic, serial_curves, eino_curves_03, eino_curves_01,
          eino_curves_03, eino_curves_03, roderic_roman_lattice
D:3:      layout_basic

Skill      XL: |  1  2  3  4  5 |
---------------+----------------+-----
Conjurations   | 2 3 |  3.2
Stealth        | 3 |  3.5
Dodging        | 3 |  3.1
Air Magic      | 4 |  4.1
Spellcasting   | 4 |  4.0

Action                   |  1- 3 |  4- 6 || total
-------------------------+-------+-------++-------
Melee: Dagger            |     7 |     3 ||    10
 Cast: Shock             |    62 |    82 ||   144
       Static Discharge  |     2 |     1 ||     3
       Swiftness         |       |     1 ||     1
  Use: Scroll            |       |     6 ||     6
       Potion            |       |     1 ||     1
 Stab: Sleeping          |     4 |       ||     4
Armor: Robe              |     1 |     6 ||     7
       Leather armour    |       |     2 ||     2
Dodge: Dodged            |    22 |    29 ||    51

Table legend: (Time is in decaauts)
 A = Elapsed time spent in this place.
 B = Non-inter-level travel time spent in this place.
 C = Inter-level travel time spent in this place.
 D = Time resting spent in this place.
 E = Time spent auto-exploring this place.
 F = Levels seen in this place.
 G = Mean time per level.
                   A        B        C        D        E       F      G
               +--------+--------+--------+--------+--------+-----+--------+
         Total |   3782 |   3604 |    178 |   1930 |   1014 |   3 | 1260.7 |
       Dungeon |   3782 |   3604 |    178 |   1930 |   1014 |   3 | 1260.7 |
               +--------+--------+--------+--------+--------+-----+--------+

Top non-repeatable levels by time:
     D:2: 1946 daAuts
     D:1: 1202 daAuts
     D:3: 633 daAuts
